Cogmind - Beta 11 X6 @@@ ROGUE MODE // 2021.07.16 @ 05:36:16 // Winter2019/RPGLIKE Player: Kenzurith Result: Destroyed by G-47 Trooper with Particle Gun Performance ------------- Evolutions (2) 1000 Regions Visited (5) 1000 Robots Destroyed (33) 165 Value Destroyed (709) 709 Prototype IDs (28) 560 Alien Tech Used (0) 0 Bonus (385) 385 TOTAL SCORE: 3819 Bonus ------- Follower Combat Kills 85 Aligned with FarCom 300 Cogmind --------- Core Integrity 0/800 Matter 300/300 Energy 280/280 System Corruption 0% Temperature Warm (117) Movement Walking (90) Location -8/Materials Parts ------- > --- POWER (1) -------- Cooled Ion Engine > --- PROPULSION (2) --- Potential Leg Potential Leg > --- UTILITY (4) ------ Improved Heat Sink Improved Signal Interpreter Terrain Scanner Target Analyzer > --- WEAPON (2) ------- Improved Medium Laser Improved Medium Laser > --- INVENTORY (3) ---- Long-range Tractor Beam Improved Grenade Launcher Makeshift Axe Peak State ------------ > --- POWER ------------ Light Deuterium Engine > --- PROPULSION ------- Potential Leg Potential Leg > --- UTILITY ---------- Improved Heat Sink Improved Signal Interpreter Terrain Scanner Target Analyzer > --- WEAPON ----------- Heavy EM Shotgun Heavy EM Shotgun > --- INVENTORY -------- Long-range Tractor Beam Improved Grenade Launcher Makeshift Axe [Rating: 42] Favorites ----------- Power Light Nuclear Core Engine Ion Engine Power Core Light Nuclear Core Propulsion Potential Leg Leg Potential Leg Utility Terrain Scan Processor Device Improved Heat Sink Processor Terrain Scan Processor Weapon Assault Rifle Energy Gun Heavy EM Shotgun Ballistic Gun Assault Rifle Launcher Rocket Launcher Build | -11 -10 -10 -10 -9 -8 ------- Run | Scr Mat Min Exi Min Mat Slots Evolved 5 | 2 . . . 3 . Power . | . . . . . . Propulsion 1 | 1 . . . . . Utility 3 | . . . . 3 . Weapon 1 | 1 . . . . . Parts Attached 23 | 3 . 2 2 5 11 Power 3 | . . 1 . . 2 Engine 2 | . . . . . 2 Core 1 | . . 1 . . . Reactor . | . . . . . . Propulsion 3 | 1 . . 2 . . Treads . | . . . . . . Leg 3 | 1 . . 2 . . Wheel . | . . . . . . Hover . | . . . . . . Flight . | . . . . . . Utility 7 | . . 1 . 3 3 Device 4 | . . . . 3 1 Storage . | . . . . . . Processor 3 | . . 1 . . 2 Hackware . | . . . . . . Protection . | . . . . . . Artifact . | . . . . . . Weapon 10 | 2 . . . 2 6 Energy Gun 5 | . . . . . 5 Energy Cannon . | . . . . . . Ballistic Gun 4 | 2 . . . 1 1 Ballistic Cannon . | . . . . . . Launcher 1 | . . . . 1 . Special Weapon . | . . . . . . Impact Weapon . | . . . . . . Slashing Weapon . | . . . . . . Piercing Weapon . | . . . . . . Special Melee Weapon . | . . . . . . Unidentified Prototypes 3 | . . . . . 3 Parts Lost . | . . . . . . Power . | . . . . . . Propulsion . | . . . . . . Utility . | . . . . . . Weapon . | . . . . . . Highest Loss Streak . | . . . . . . Average Slot Usage (%) 94 | . 83 93 100 91 98 Engine 4 | . 16 6 . . 10 Core 8 | . . 9 16 12 . Leg 28 | . 33 33 33 25 22 Device 9 | . . . . 14 23 Processor 12 | . . 9 16 12 19 Energy Gun 2 | . . . . . 15 Ballistic Gun 25 | . 33 33 33 25 6 Naked Turns . | . . . . . . Heaviest Build 18 | 9 9 9 9 12 18 Greatest Support 60 | 20 20 20 60 60 60 Greatest Overweight (x) . | . . . . . . Average Overweight (x) . | . . . . . . Largest Inventory Capacity 3 | . 1 2 2 3 3 Average Capacity 2 | . . 1 2 2 3 Most Carried 3 | . 1 2 2 3 3 Average Carried 2 | . . 1 2 2 2 Final Capacity 3 | . 1 2 2 3 3 Final Carried 3 | . 1 2 2 3 3 Class Distribution -------------------- 71% | Mutant 18% | Scavenger-Skirmisher 9% | Skirmisher Dominant Class ---------------- Mutant | -10/Materials Mutant | -10/Mines Mutant | -10/Exiles Mutant | -9/Mines Skirmisher | -8/Materials Resources | -11 -10 -10 -10 -9 -8 ----------- Run | Scr Mat Min Exi Min Mat Matter Collected 1038 | 183 . 247 . 432 176 Remotely . | . . . . . . Salvage Created 1254 | . 47 150 . 354 703 Parts 75 | . 1 18 . 27 29 Haulers Intercepted 3 | . 1 . . . 2 Recyclers Shooed 2 | 1 . . . . 1 Parts Field Recycled . | . . . . . . Retrieved Matter . | . . . . . . Parts Self-Destructed . | . . . . . . Prevented . | . . . . . . Kills | -11 -10 -10 -10 -9 -8 ------- Run | Scr Mat Min Exi Min Mat Combat Hostiles Destroyed 25 | . . 4 . 13 8 Guns 24 | . . 4 . 13 7 Classes Destroyed 12 | . 1 3 . 4 4 Worker 2 | . . . . 1 1 Builder 5 | . . 1 . 4 . Tunneler 3 | . . 1 . 2 . Hauler 3 | . 1 . . . 2 Recycler 1 | . . . . 1 . Operator 1 | . . . . . 1 Watcher 1 | . . . . . 1 Swarmer 4 | . . . . 4 . Grunt 6 | . . 4 . 1 1 Sentry 6 | . . . . . 6 Hunter 1 | . . . . . 1 Assembled 8 | . . . . 8 . Best Kill Streak 4 | . 1 3 . 4 3 Combat Bots Only 4 | . . 2 . 4 3 Max Kills in Single Turn 2 | . 1 1 . 2 1 Gunslinging . | . . . . . . Exploded . | . . . . . . Melee . | . . . . . . Uniques/NPCs Destroyed . | . . . . . . Combat | -11 -10 -10 -10 -9 -8 -------- Run | Scr Mat Min Exi Min Mat Damage Taken 1763 | . 15 312 . 1041 395 Core 1444 | . 12 246 . 860 326 Absorbed by Shields . | . . . . . . Redirected to Core 1112 | . 12 221 . 635 244 Core Remaining (%) 56 | 100 . . . 13 . Volleys Fired 117 | 2 4 24 . 59 28 Largest 2 | 2 2 2 . 2 2 Hottest 112 | 40 40 40 . 40 112 Shots Fired 230 | 4 8 48 . 114 56 Gun 226 | 4 8 48 . 110 56 Cannon . | . . . . . . Launcher 4 | . . . . 4 . Special . | . . . . . . Kinetic 188 | 4 8 48 . 110 18 Thermal 20 | . . . . . 20 Explosive 4 | . . . . 4 . Electromagnetic 18 | . . . . . 18 Robot Hit Streak 15 | 1 5 8 . 11 15 Robot Miss Streak 7 | 1 1 6 . 7 3 Penetration Max . | . . . . . . Secondary Targets 7 | . . 2 . 5 . Max Gunslinging Chain 1 | . . 1 . 1 . Shots Hit Robots 142 | 2 6 29 . 61 44 Core Hits 68 | . 2 12 . 34 20 Critical Kills 1 | . . . . . 1 Critical Parts Destroyed 1 | . . . . 1 . Critical Strikes 7 | . . . . 1 6 Burn 3 | . . . . . 3 Destroy 4 | . . . . 1 3 Melee Attacks . | . . . . . . Impact . | . . . . . . Slashing . | . . . . . . Piercing . | . . . . . . Sneak Attacks . | . . . . . . Combat Hostiles . | . . . . . . Follow-up Attacks . | . . . . . . Damage Inflicted 2320 | 21 84 380 . 994 841 Guns 2071 | 21 84 380 . 791 795 Cannons . | . . . . . . Explosions 249 | . . . . 203 46 Melee . | . . . . . . Ramming . | . . . . . . Kinetic 1440 | 21 84 380 . 791 164 Thermal 362 | . . . . . 362 Explosive 203 | . . . . 203 . Electromagnetic 315 | . . . . . 315 Impact . | . . . . . . Slashing . | . . . . . . Piercing . | . . . . . . Highest Corruption . | . . . . . . Average Corruption . | . . . . . . Corruption Purged . | . . . . . . Overload Shots . | . . . . . . Overflow Damage 14 | . . . . 14 . Projectiles . | . . . . . . Explosions 14 | . . . . 14 . Melee . | . . . . . . Knockbacks . | . . . . . . Impact . | . . . . . . Kinetic . | . . . . . . Secondary . | . . . . . . Self-Inflicted Damage 56 | . . . . 37 19 Shots 3 | . . . . 2 1 Rammed . | . . . . . . Targets Rammed . | . . . . . . Kicked . | . . . . . . Crushed . | . . . . . . Highest Temperature 108 | . . 8 . 4 108 Average Temperature 24 | . . 2 . 1 40 Received Heat Transfer 520 | . 9 183 . 229 99 Siege Activations . | . . . . . . Robots Corrupted 1 | . . . . . 1 Combat Hostiles . | . . . . . . Parts Fried 2 | . . . . . 2 Impact Corruptions . | . . . . . . Robots Melted 1 | . . . . . 1 Combat Hostiles 1 | . . . . . 1 Parts Melted 6 | . . . . . 6 Heat Transferred 975 | . . . . . 975 Parts Sabotaged . | . . . . . . Parts Stolen . | . . . . . . Parts Stripped . | . . . . . . Power Chain Reactions 1 | . . . . . 1 Missiles Intercepted . | . . . . . . Alert | -11 -10 -10 -10 -9 -8 ------- Run | Scr Mat Min Exi Min Mat Peak Influence 255 | . 22 133 . 255 203 Initial 8 | . . 8 . . . Average 78 | . 10 52 . 114 77 Maximum Alert Level 1 | . . . . 1 1 Low Security (%) 92 | 100 100 100 . 80 97 Level 1 7 | . . . . 19 2 Level 2 . | . . . . . . Level 3 . | . . . . . . Level 4 . | . . . . . . Level 5 . | . . . . . . High Security . | . . . . . . Max Security . | . . . . . . Squads Dispatched 3 | . . . . . 3 Investigation 1 | . . . . . 1 Extermination . | . . . . . . Reinforcement . | . . . . . . Assault . | . . . . . . Garrison 2 | . . . . . 2 Intercept . | . . . . . . Construction Impeded . | . . . . . . Haulers Reinforced . | . . . . . . Active Scanning Responses . | . . . . . . Cargo Convoy Interrupts . | . . . . . . Stealth | -11 -10 -10 -10 -9 -8 --------- Run | Scr Mat Min Exi Min Mat Distress Signals 2 | . . . . . 2 Communications Jammed . | . . . . . . Distress Signals . | . . . . . . Times Spotted 55 | . 4 4 . 33 14 Peak Tracking Total 17 | . 4 2 . 17 6 Tactical Retreats 4 | . . . . 4 . Traps | -11 -10 -10 -10 -9 -8 ------- Run | Scr Mat Min Exi Min Mat Traps Triggered 1 | . . . . . 1 Indirectly . | . . . . . . Trap Hack Attempts . | . . . . . . Triggered . | . . . . . . Disarmed . | . . . . . . Reprogrammed . | . . . . . . Reused . | . . . . . . Traps Extracted . | . . . . . . Installed . | . . . . . . Triggered . | . . . . . . Machines | -11 -10 -10 -10 -9 -8 ---------- Run | Scr Mat Min Exi Min Mat Machines Disabled . | . . . . . . Max in Single Turn . | . . . . . . Machines Sabotaged . | . . . . . . Garrisons Compromised . | . . . . . . Overloaded Fab Kills . | . . . . . . Fab Network Shutdowns . | . . . . . . Hacking | -11 -10 -10 -10 -9 -8 --------- Run | Scr Mat Min Exi Min Mat Machines Accessed 7 | . 2 . 2 . 3 Terminals 4 | . 1 . . . 3 Fabricators . | . . . . . . Repair Stations . | . . . . . . Recycling Units 1 | . 1 . . . . Scanalyzers . | . . . . . . Garrison Access . | . . . . . . Total Hacks 15 | . 3 . 2 . 10 Successful 10 | . 1 . 2 . 7 Failed 5 | . 2 . . . 3 Catastrophic 1 | . 1 . . . . Database Lockouts . | . . . . . . Manual 7 | . 1 . 1 . 5 Terminals 11 | . 1 . . . 10 Fabricators . | . . . . . . Repair Stations . | . . . . . . Recycling Units 2 | . 2 . . . . Scanalyzers . | . . . . . . Garrison Access . | . . . . . . Terminal Hacks 8 | . . . 2 . 6 Record 1 | . . . 1 . . Prototype ID Bank 1 | . . . . . 1 Branch Access Points 1 | . . . . . 1 Unreport Threat 1 | . . . . . 1 Dispatch Records 1 | . . . . . 1 Hauler Manifests 1 | . . . . . 1 Registered Components 1 | . . . . . 1 EX-Prototype ID Bank 1 | . . . 1 . . Fabricator Hacks . | . . . . . . Repair Station Hacks . | . . . . . . Recycling Unit Hacks 1 | . 1 . . . . Retrieve Components 1 | . 1 . . . . Scanalyzer . | . . . . . . Garrison Access Hacks . | . . . . . . Unauthorized Hacks 1 | . . . . . 1 Terminals 1 | . . . . . 1 Botnet 1 | . . . . . 1 Fabricators . | . . . . . . Repair Stations . | . . . . . . Recycling Units . | . . . . . . Scanalyzers . | . . . . . . Garrison Access . | . . . . . . Data Cores Recovered 1 | . . . . . 1 Used . | . . . . . . Hacking Detections 4 | . 1 . . . 3 Full Trace Events . | . . . . . . Feedback Events . | . . . . . . Feedback Blocked . | . . . . . . Robot Schematics Acquired . | . . . . . . Robots Built . | . . . . . . Matter . | . . . . . . Time . | . . . . . . Total Robot Build Rating . | . . . . . . Part Schematics Acquired . | . . . . . . Parts Built . | . . . . . . Matter . | . . . . . . Time . | . . . . . . Total Part Build Rating . | . . . . . . Parts Repaired . | . . . . . . Time . | . . . . . . Parts Recycled . | . . . . . . Recycled Matter . | . . . . . . Retrieved Matter . | . . . . . . Retrieved Components 1 | . 1 . . . . Parts Scanalyzed . | . . . . . . Part Schematics Acquired . | . . . . . . Parts Damaged . | . . . . . . Bothacking | -11 -10 -10 -10 -9 -8 ------------ Run | Scr Mat Min Exi Min Mat Used RIF Installer . | . . . . . . Robots Hacked . | . . . . . . Non-combat . | . . . . . . Combat . | . . . . . . Robot Hacks Applied . | . . . . . . Relay Couplers Released . | . . . . . . Robots Rewired . | . . . . . . Allies Hacked . | . . . . . . Hacks Repelled . | . . . . . . Allies | -11 -10 -10 -10 -9 -8 -------- Run | Scr Mat Min Exi Min Mat Total Allies 1 | . . . . 1 . Largest Group 1 | . . . . 1 . Highest-Rated Group 31 | . . . . 31 . Highest-Rated Ally 31 | . . . . 31 . Total Orders . | . . . . . . Ally Attacks 14 | . . . . 14 . Total Damage 215 | . . . . 215 . Kills 4 | . . . . 4 . Allies Corrupted . | . . . . . . Allies Melted . | . . . . . . Intel | -11 -10 -10 -10 -9 -8 ------- Run | Scr Mat Min Exi Min Mat Robot Analysis Total . | . . . . . . Derelict Logs Recovered 2 | . . 1 . 1 . Drone Launches . | . . . . . . Drone Recoveries . | . . . . . . Exploration | -11 -10 -10 -10 -9 -8 ------------- Run | Scr Mat Min Exi Min Mat Turns Passed 2491 | 16 153 690 342 817 473 Spaces Moved 1902 | 5 117 500 239 698 343 Core . | . . . . . . Treads . | . . . . . . Legs 1902 | 5 117 500 239 698 343 Wheels . | . . . . . . Hover . | . . . . . . Flight . | . . . . . . Fastest Speed 45 | 120 120 120 90 45 45 Average Speed 100 | 120 120 120 105 88 89 Slowest Speed 120 | 120 120 120 120 90 90 Overloaded Moves 30 | . . . . 24 6 Propulsion Burnouts . | . . . . . . Robots Hopped . | . . . . . . Cave-ins Triggered . | . . . . . . Exploration Rate (%) 52 | 2 27 98 60 91 35 Regions Visited 5 Branch Regions 3 Pre-discovered Areas 1 | . . . 1 . . Known Exits Taken . | . . . . . . Unknown Exits Taken 5 | 1 1 1 1 1 . Scrap Searched 2 | . . 1 . 1 . Spaces Dug . | . . . . . . Terrain Destroyed 46 | . . . . 39 7 Melee . | . . . . . . Projectile . | . . . . . . AOE 46 | . . . . 39 7 Terrain Rammed . | . . . . . . Walls Destroyed . | . . . . . . Machines Disabled . | . . . . . . Actions | -11 -10 -10 -10 -9 -8 --------- Run | Scr Mat Min Exi Min Mat Total 2239 | 10 121 541 329 781 457 Wait 145 | . . 1 87 4 53 Move 1897 | 4 116 499 238 697 343 Hop . | . . . . . . Pick Up 7 | . 1 1 . 3 2 Fast Attach 20 | 3 . 2 2 3 10 Attach . | . . . . . . Detach 2 | . . . . . 2 Swap 3 | . . . . 2 1 Drop 18 | 1 . 1 2 2 12 Fire 117 | 2 4 24 . 59 28 Melee . | . . . . . . Ram . | . . . . . . Kick . | . . . . . . Crush . | . . . . . . Escape Stasis . | . . . . . . Rewire . | . . . . . . Trap . | . . . . . . Miscellaneous 30 | . . 13 . 11 6 Route ------- -11/Scrapyard -10/Materials -10/Mines (discovered 3 exits: [*Mat x2] / *Exi) -10/Exiles -9/Mines -8/Materials (discovered 2 exits: *Fac / Sto) History --------- Turn | Location | Event 1 | -11/Scrapyard | Discovered new exit (range 1) 3 | -11/Scrapyard | Upgraded with Propulsion slot (x1) 5 | -11/Scrapyard | Upgraded with Weapon slot (x1) 17 | -11/Scrapyard | Entered Materials 113 | -10/Materials | Discovered new exit (range 13) 170 | -10/Materials | Entered Mines 240 | -10/Mines | Learned Materials terminal intel 316 | -10/Mines | Build established: Mutant 508 | -10/Mines | Found a hidden stash of uninstalled traps 535 | -10/Mines | Discovered new exit (range 15) 625 | -10/Mines | Discovered new exit (range 15) 628 | -10/Mines | Received a Rocket Launcher from a helpful Derelict 854 | -10/Mines | Deemed a non-threat by the Exiles lab entrance 855 | -10/Mines | Discovered new exit (range 5) 860 | -10/Mines | Entered Exiles 889 | -10/Exiles | Met 8R-AWN 911 | -10/Exiles | Met EX-HEX 943 | -10/Exiles | Met EX-BIN 961 | -10/Exiles | Aligned with FarCom system 962 | -10/Exiles | Given EX-Vault access code 995 | -10/Exiles | Opened EX-Vault 1004 | -10/Exiles | Found Potential Leg 1007 | -10/Exiles | Found Potential Leg 1029 | -10/Exiles | Warned to stay clear of 0b10 Research branches 1038 | -10/Exiles | Exiles lab attacked by MAIN.C 1064 | -10/Exiles | Learned location of Zion (-6) 1089 | -10/Exiles | Discovered new exit (range 14) 1202 | -10/Exiles | Left Exiles lab with Potential Leg 1202 | -10/Exiles | Entered Mines 1202 | -9/Mines | Discovered new exit (range 8) 1204 | -9/Mines | Reached level 2 1242 | -9/Mines | Received a Mining Laser from a helpful Derelict 1446 | -9/Mines | Reached level 3 1463 | -9/Mines | Upgraded with Utility slot (x3) 1768 | -9/Mines | Learned 4 Materials zone layouts 1779 | -9/Mines | Assembled infested the area 1827 | -9/Mines | Core integrity fell below 50% 1861 | -9/Mines | Core integrity fell below 20% 1921 | -9/Mines | Build established: Scavenger-Skirmisher 2019 | -9/Mines | Entered Materials 2020 | -8/Materials | Identified exit to Storage 2020 | -8/Materials | Core integrity fell below 50% 2020 | -8/Materials | Core integrity fell below 20% 2021 | -8/Materials | Loaded intel: 12 terminal locations 2021 | -8/Materials | Reached level 4 2293 | -8/Materials | Garrison activated, responded to threat 2301 | -8/Materials | Discovered new exit (range 11) 2340 | -8/Materials | Identified exit to Factory 2480 | -8/Materials | Garrison activated, responded to threat 2492 | -8/Materials | Destroyed by G-47 Trooper with Particle Gun Last Messages --------------- 02431_ H-55 Commando heat spikes uncontrollably. 02432_ H-55 Commando heat damages core (-9). 02432_ Melted Carbon-fiber Leg. 02432_ Penetrated by Slug. 02433_ H-55 Commando heat short circuits Carbon-fiber Leg. 02433_ H-55 Commando critical meltdown. 02433_ Broken Carbon-fiber Leg melted. 02433_ Gauss Rifle melted. 02435_ Upgraded: Core Integrity (+50) 02440_ W-25 Informer sends out distress signal. 02441_ Acquired 20 matter. 02458_ W-25 Informer sends out distress signal. 02477_ Y-45 Defender suffers critical hit (Burn). 02480_ Upgraded: Core Integrity (+50) 02480_ Y-45 Defender calls for garrison reinforcements. 02480_ ALERT: Activating Garrison Access M001. 02483_ Lgt. Treads melted. 02483_ Lgt. Armor Plating melted. 02483_ Y-45 Defender destroyed. 02486_ G-47 Trooper destroyed. Map ----- +----------------------------------------------------+ | ##########?## = ##???#?##??#?????????????? | | ############# "T"!* ###?#?########???????????? | | + ###?# """%![ #####??######????????????? | | ####### #########/######T####?###?##???????????? | | ####### ##?### [=%[==* ###?##?#???#???????? | | ####### ##??## | | / # ###???## [ = ]# % # | | ###### ##?#?### ##%####+########## # | | ##### ### ###?############## ## g ######## ## | | / ## ###?## # ## # # #? | | ## ###?## # ## # # ## | | [![ # ##?## # ## # + ## | | !![ / ##?# # ## " " # # ## | | ![[ # ##?## #g## "G" # # ## | | # ##??# # ## """ # # ## | | Y" # ##### # ## ######## ## | | "" # #########+#######g#########??????# ## | | ######## #???????# ## | | #####?## ######### ## | | ??#???## """"""" | | ??????## """"""" ####+##### | | ?#?#??## """"""" # ## """"" | | ######## """"""" # "## """"""""" ## | | ######## """"""" # T## """ """ ??? | | # # "## ??? | | """"" # # ## ??? | | """"" # # """ ## ??? | | """"" # #""""" ############## ??? | | + #""""" #????????????# ??? | +----------------------------------------------------+ Best States ------------- Heat Dissipation 39 Energy Generation 14 Energy Capacity 280 Matter Stores 300 Matter Capacity 300 Sight Range 16 Terrain Scan Range 14 Terrain Scan Density 110 Evasion (%) 66 Target Analysis 5 Item Schematics ----------------- None Robot Schematics ------------------ None Fabricated ------------ Nothing Alien Tech Used ----------------- None Achievements -------------- None Challenges ------------ None RPGLIKE | -11 -10 -10 -10 -9 -8 --------- Run | Scr Mat Min Exi Min Mat Levels Raised 3 | . . . . 2 1 XP Earned 8976 | 3000 35 1000 350 1766 2825 XP Spent 5110 | 1000 250 500 . 3210 150 Upgrades 13 | 2 1 1 . 6 3 Propulsion Slot 1 | 1 . . . . . Utility Slot 3 | . . . . 3 . Weapon Slot 1 | 1 . . . . . Core Integrity 4 | . . . . 2 2 Inventory Capacity 3 | . 1 1 . 1 . Terrain Scan Density 1 | . . . . . 1 Protomatter Created 209 | . . 90 . 65 54 Integrity Restored 651 | . . 270 . 255 126 Core 639 | . . 258 . 255 126 Parts 12 | . . 12 . . . Protomatter Decayed 42 | . . . 42 . . Game ------ Seed AssemblyImprinterScythe Manual? 0 Play Time 00:20:42 Cumulative 340.8 hours Start 2021.07.16 @ 05:18:17 End 2021.07.16 @ 05:36:16 Sessions 1 Manual Loads 0 Difficulty Rogue Special Mode Winter2019/RPGLIKE Game No. 177 Rogue 174 Adventurer 1 Explorer 2 Win Type - Total 5 Types 3/1/1/0/0/0/0/0/0 Lore% 81 Gallery% 88 Achievement% 69 Wizard Run 0 Options --------- ASCII 0 Keyboard 1 Movement Numpad Keybinds 1 Fullscreen 1 Font 24/Terminus Map View 76x50 Tactical HUD 1 Map Filters NONE Filters LOW_CONTRAST(0,0,0) Steam 1 RUN: f516e04c-4b51-4127-8056-0cc4957a9324